 Dungeon Crawl Stone Soup version 0.28-b1-70-g80dc712255 (webtiles) character file.

Game seed: 1454274263501608349

14238 pkoi the Destroyer (level 11, -3/89 HPs)
             Began as a Red Draconian Conjurer on Feb 3, 2022.
             Was an Initiate of Gozag.
             Slain by a death yak simulacrum (32 damage)
             ... in an ice cave.
             The game lasted 00:24:02 (20688 turns).

pkoi the Destroyer (Red Draconian Conjurer)        Turns: 20688, Time: 00:24:03

Health: -3/89      AC: 10    Str: 10    XL:     11   Next: 86%
Magic:  16/20      EV: 13    Int: 23    God:    Gozag
Gold:   933        SH:  0    Dex:  9    Spells: 8/22 levels left

rFire   + . .      SeeInvis .   b - +1 dagger (elec)
rCold   . . .      Faith    .   (no shield)
rNeg    . . .      Spirit   .   (armour unavailable)
rPois   .          Reflect  .   (helmet restricted)
rElec   .          Harm     .   (no cloak)
rCorr   .          Rampage  .   (no gloves)
Will    .....                   k - +2 pair of boots
Stlth   ++........              (no amulet)
HPRegen 0.24/turn               (no ring)
MPRegen 0.17/turn               (no ring)

@: slowed, very slow
A: breathe fire, AC +7, unfitting armour, fire resistance 1, cold-blooded
a: Breathe Fire, Renounce Religion, Potion Petition, Call Merchant, Bribe Branch


You were in an ice cave.
You worshipped Gozag.
Gozag was pleased with you.
You visited 3 branches of the dungeon, and saw 12 of its levels.
You also visited: Ossuary and Ice Cave.

You collected 1715 gold pieces.
You paid 782 gold pieces to Gozag.

Inventory:

Hand Weapons
 b - a +1 dagger of electrocution (weapon)
Armour
 k - a +2 pair of boots (worn)
 t - a +0 cloak
Magical Staves
 l - a staff of fire
Wands
 c - a wand of flame (11)
 s - a wand of digging (6)
 v - a wand of polymorph (2)
 z - a wand of iceblast (5)
Scrolls
 a - 4 scrolls of fog
 d - a scroll of blinking
 n - 3 scrolls of brand weapon
 o - 6 scrolls of teleportation
 p - a scroll of enchant armour
 r - 2 scrolls of amnesia
 y - a scroll of summoning
Potions
 e - a potion of flight
 f - 5 potions of curing {unknown}
 g - 6 potions of attraction {unknown}
 h - 3 potions of invisibility
 i - a potion of might
 j - a potion of haste
 m - 2 potions of brilliance
 A - a potion of heal wounds


   Skills:
 - Level 6.0 Fighting
 + Level 6.4 Dodging
 - Level 1.7 Stealth
 - Level 6.0 Spellcasting
 * Level 14.8 Conjurations
 - Level 7.2 Translocations


You had 8 spell levels left.
You knew the following spells:

 Your Spells              Type           Power      Damage    Failure   Level
a - Magic Dart            Conj           100%       1d8       1%          1
b - Searing Ray           Conj           100%       2d8       1%          2
c - Iskenderun's Mystic   Conj/Tloc      55%        2d12      1%          4
d - Orb of Destruction    Conj           33%        9d10      16%         7

Your spell library contained the following spells:

 Spells                   Type           Power      Damage    Failure   Level
 Shock                    Conj/Air       100%       1d9       1%          1
 Dazzling Flash           Conj/Hex       82%        N/A       1%          3
 Stone Arrow              Conj/Erth      82%        3d12      1%          3
 Mephitic Cloud           Conj/Pois/Air  29%        N/A       3%          3
 Fulminant Prism          Conj/Hex       20%        3d13      4%          4
 Portal Projectile        Hex/Tloc       46%        N/A       6%          3
 Beastly Appendage        Tmut           12%        N/A       9%          1
 Pain                     Necr           24%        1d5       9%          1
 Sandblast                Erth           12%        2d6       9%          1
 Summon Small Mammal      Summ           24%        N/A       9%          1
 Passwall                 Tmut/Erth      5%         N/A       13%         2
 Wereblood                Tmut           6%         N/A       13%         2
 Call Canine Familiar     Summ           6%         N/A       26%         3
 Spider Form              Tmut/Pois      6%         N/A       26%         3
 Summon Guardian Golem    Hex/Summ       6%         N/A       26%         3
 Swiftness                Air            6%         N/A       26%         3
 Airstrike                Air            3%         N/A       63%         4
 Leda's Liquefaction      Hex/Erth       3%         N/A       63%         4
 Lehudib's Crystal Spear  Conj/Erth      20%        10d6      100%        8


Dungeon Overview and Level Annotations

Branches:
Dungeon (10/15)            Temple (1/1) D:4            Lair (1/6) D:9
Ossuary (visited)           IceCv (1/1)
    Orc: D:9-12

Altars:
Ashenzari
Cheibriados
Dithmenos
Elyvilon
Fedhas
Gozag
Hepliaklqana
Kikubaaqudgha
Makhleb
Nemelex Xobeh
Okawaru
Qazlal
Ru
Sif Muna
Trog
Uskayaw
Vehumet
Wu Jian
Xom
Yredelemnul
Zin
The Shining One
Lugonu

Shops:
D:9 :

Annotations:
D:4 1 runed translucent door, vvl's ghost, amateur DsVM
D:10 3 runed translucent doors, Duder's ghost, journeyman MiBe


Innate Abilities, Weirdness & Mutations

You can breathe blasts of fire.
Your fiery red scales are hard. (AC +7)
You cannot fit into any form of body armour.
Your flesh is heat resistant. (rF+)
You are cold-blooded and may be slowed by cold attacks.


Message History

The magic dart hits the polar bear simulacrum but does no damage.
The polar bear simulacrum is moderately damaged.
The magic dart hits the polar bear simulacrum.
The polar bear simulacrum is heavily damaged.
Casting: Magic Dart (safe; 1% risk of failure)
Confirm with . or Enter, or press ? or * to list all spells.
Aiming: Searing Ray (safe; 1% risk of failure)
Press: ? - help, Shift-Dir - straight line, f/p - polar bear simulacrum
Aim: a polar bear simulacrum (heavily damaged, 98% to hit)
The searing ray hits the polar bear simulacrum.
The polar bear simulacrum is severely damaged. (Press . to maintain the ray.) Unknown command.
The searing ray hits the polar bear simulacrum!
The polar bear simulacrum vaporises!
You start resting.
Magic restored.
You start waiting.
Done waiting.
You now have 933 gold pieces (gained 6).
Found a cloak of cold resistance.
Found a rapier of freezing.
Casting: Searing Ray (safe; 1% risk of failure)
Confirm with . or Enter, or press ? or * to list all spells.
Aiming: Searing Ray (safe; 1% risk of failure)
Press: ? - help, Shift-Dir - straight line, f - death yak simulacrum
Aim: a death yak simulacrum (wandering, hasn't noticed you, 100% to hit)
The searing ray hits the death yak simulacrum.
The death yak simulacrum is lightly damaged. (Press . to maintain the ray.) Unknown command.
The searing ray hits the death yak simulacrum.
The death yak simulacrum is lightly damaged.
The death yak simulacrum gores you! The death yak simulacrum freezes you!!
The searing ray hits the death yak simulacrum!
The death yak simulacrum is heavily damaged.
The death yak simulacrum gores you! The death yak simulacrum freezes you!!
You feel yourself slow down.
You die...
Your body crumbles into a pile of gold.

# ###. ##.. ##... ##
#...# ## .##### #...##
..### .....##
######..##.....#
......###.#.....@Z....)#
.......#.........##..[##
...........####### ##
.........### .......###
...#.### ..#### ...#
.#.≈≈≈$#


You could see a death yak simulacrum.

Vanquished Creatures
  3 two-headed ogres
  An ugly thing (D:10)
  Joseph (D:7)
  2 ice statues (IceCv)
  A cane toad (Lair:1)
  2 rime drakes (Lair:1)
  A freezing wraith (IceCv)
  An entropy weaver simulacrum (IceCv)
  An ice devil (IceCv)
  2 trolls
  2 hornets
  5 wyverns
  13 yaks
  Menkaure (D:5)
  2 wargs (D:9)
  5 water moccasins
  Duvessa (D:5)
  An acid dragon (D:10)
  6 orc warriors
  A sky beast (D:6)
  4 ice beasts
  A black bear (D:5)
  An ogre (D:6)
  A necrophage (D:6)
  2 centaurs (D:10)
  3 phantoms
  2 kobold brigands
  2 bullfrogs
  A cane toad simulacrum (IceCv)
  4 scorpions
  A water moccasin zombie (D:5)
  A wyvern zombie (D:7)
  2 two-headed ogre simulacra (IceCv)
  Dowan (D:5)
  8 killer bees
  5 wights (D:7)
  2 howler monkeys (D:7)
  A bullfrog zombie (D:6)
  3 crimson imps (D:5)
  2 jellies
  A lava snake (D:7)
  5 centaur zombies
  6 orc priests
  A bullfrog skeleton (D:5)
  2 centaur skeletons
  5 hounds
  A gnoll shaman (D:5)
  3 iguanas (D:5)
  Ijyb (D:5)
  10 orc wizards
  A polar bear simulacrum (IceCv)
  A spriggan simulacrum (IceCv)
  2 killer bee zombies
  A troll simulacrum (IceCv)
  2 hound skeletons (D:4)
  4 mummies (Ossuary)
  2 howler monkey zombies (D:9)
  11 gnolls
  9 adders
  2 river rats (D:5)
  An ufetubus (IceCv)
  An adder skeleton (D:4)
  A worm (D:5)
  2 dart slugs (D:1)
  27 orcs
  2 endoplasms
  5 giant cockroaches
  7 goblins
  6 hobgoblins
  7 quokkas
  12 ball pythons
  4 bats
  3 frilled lizards
  5 hobgoblin zombies (Ossuary)
  15 kobolds
  6 rats
273 creatures vanquished.

Vanquished Creatures (others)
  3 fungi (Lair:1)
  A plant (Lair:1)
  2 withered plants (D:4)
6 creatures vanquished.

Grand Total: 279 creatures vanquished

Notes
Turn   | Place    | Note
-------+----------+-------------------------------------------
     0 | D:1      | pkoi the Draconian Conjurer began the quest for the Orb.
     0 | D:1      | Reached XP level 1. HP: 14/14 MP: 3/3
   352 | D:1      | Reached XP level 2. HP: 20/20 MP: 3/5
  1472 | D:2      | Reached XP level 3. HP: 25/26 MP: 1/6
  2294 | D:2      | Reached skill level 5 in Conjurations
  2374 | D:2      | Found a faded altar of an unknown god.
  2389 | D:2      | Reached XP level 4. HP: 32/33 MP: 0/8
  2673 | D:2      | Identified the +1 leather armour of the Fiend {+Blink rElec
                  | Str-5}
  2975 | D:3      | Learned a level 2 spell: Searing Ray
  2980 | D:3      | Learned a level 4 spell: Iskenderun's Mystic Blast
  3260 | D:3      | You fall into a shaft and drop 3 floors!
  3260 | D:6      | Noticed Duvessa
  3260 | D:6      | Noticed Dowan
  3260 | D:6      | Noticed a black bear
  3266 | D:5      | Entered Level 5 of the Dungeon
  3321 | D:6      | Noticed a phantom
  3336 | D:6      | Killed a phantom
  3337 | D:6      | Reached skill level 1 in Translocations
  3337 | D:6      | Reached XP level 5. HP: 28/38 MP: 0/9
  3600 | D:5      | Reached skill level 6 in Conjurations
  3618 | D:5      | Reached XP level 6. HP: 28/45 MP: 8/11
  3776 | D:5      | Found a sand-covered staircase.
  3785 | Ossuary  | Entered an ossuary
  4486 | D:5      | Found a burning altar of Makhleb.
  4486 | D:5      | Noticed a balrug
  4674 | D:5      | Your scales start taking on a fiery red colour.
  4674 | D:5      | Reached XP level 7. HP: 35/50 MP: 11/13
  4674 | D:5      | Gained mutation: Your flesh is heat resistant. (rF+) [Red
                  | Draconian growth]
  4968 | D:5      | Reached skill level 7 in Conjurations
  5307 | D:5      | Killed Duvessa
  5337 | D:5      | Killed Dowan
  5512 | D:5      | Reached skill level 8 in Conjurations
  5512 | D:5      | Reached XP level 8. HP: 50/57 MP: 5/15
  5963 | D:5      | Found a blossoming altar of Fedhas.
  6055 | D:5      | Reached skill level 5 in Spellcasting
  6158 | D:5      | Noticed Menkaure
  6163 | D:5      | Noticed Ijyb
  6382 | D:4      | Identified a scroll of acquirement
  6382 | D:4      | Acquired Dispater's Incunabulum of Earthen Confrontation
  6475 | D:3      | Found a sparkling altar of Nemelex Xobeh.
  6652 | D:4      | Found a runed translucent door.
  6653 | D:4      | Noticed vvl's ghost (amateur DsVM)
  6790 | D:4      | Found a staircase to the Ecumenical Temple.
  6845 | Temple   | Entered the Ecumenical Temple
  6888 | Temple   | Became a worshipper of Gozag Ym Sagoz the Greedy
  7031 | D:4      | Reached skill level 9 in Conjurations
  7224 | D:4      | Reached skill level 5 in Translocations
  7856 | D:5      | Killed Ijyb
  7867 | D:5      | Found a shimmering altar of Xom.
  7870 | D:5      | Killed Menkaure
  8295 | D:6      | Reached XP level 9. HP: 62/62 MP: 10/17
  9030 | D:6      | Found a radiant altar of Vehumet.
  9042 | D:6      | Found an ancient bone altar of Kikubaaqudgha.
  9043 | D:6      | Found a shimmering blue altar of Sif Muna.
  9049 | D:6      | Got Kikubaaqudgha's Papyrus of Unholy Rituals
  9218 | D:6      | Reached skill level 10 in Conjurations
 10361 | D:7      | Found a broken altar of Ashenzari.
 10373 | D:7      | Reached skill level 11 in Conjurations
 10596 | D:7      | Found a shadowy altar of Dithmenos.
 11217 | D:7      | Noticed Joseph
 11307 | D:8      | Reached XP level 10. HP: 64/69 MP: 13/19
 11547 | D:8      | Learned a level 7 spell: Orb of Destruction
 12244 | D:8      | Paralysed by a hornet for 1 turns
 12247 | D:8      | Reached skill level 1 in Fighting
 12699 | D:8      | Reached skill level 12 in Conjurations
 13035 | D:9      | Noticed a two-headed ogre
 13069 | D:9      | Found an iron altar of Okawaru.
 14479 | D:9      | Killed a two-headed ogre
 15099 | D:9      | Reached skill level 13 in Conjurations
 15208 | D:9      | Found a staircase to the Lair.
 15758 | D:9      | Found an ornate altar of the Wu Jian Council.
 15858 | D:10     | Entered Level 10 of the Dungeon
 15996 | D:10     | Reached XP level 11. HP: 73/85 MP: 14/20
 16169 | D:10     | Noticed a cyan ugly thing
 16534 | D:10     | Found a glowing silver altar of Zin.
 16590 | D:10     | Noticed a two-headed ogre
 16725 | D:10     | Killed a cyan ugly thing
 16726 | D:10     | Reached skill level 5 in Fighting
 17295 | D:10     | Noticed a two-headed ogre
 17324 | D:10     | Reached skill level 5 in Dodging
 17328 | D:10     | Killed a two-headed ogre
 17398 | D:10     | Killed a two-headed ogre
 17409 | D:10     | Found a hide-covered altar of Uskayaw.
 17589 | D:10     | Reached skill level 14 in Conjurations
 17804 | D:10     | Found a runed translucent gate.
 17804 | D:10     | Found a runed translucent gate.
 17805 | D:10     | Found a runed translucent gate.
 17805 | D:10     | Noticed Duder's ghost (journeyman MiBe)
 18274 | D:7      | Killed Joseph
 18584 | Lair:1   | Entered Level 1 of the Lair of Beasts
 18873 | Lair:1   | Found a frozen archway.
 19043 | IceCv    | Entered an ice cave
 20688 | IceCv    | Slain by a death yak simulacrum

Illustrated notes

Levels and vault maps discovered:
D:1:      matt_arrival_grand_opening, layout_rooms
D:2:      layout_loops_corners, nicolae_ecumenical_snake_handling
D:3:      layout_loops_ring, nicolae_overflow_hidden_temple
D:4:      layout_rooms, minmay_temple_entry_glassed_door, gammafunk_ghost_grave
D:5:      layout_basic, mainiacjoe_overflow_tiny_flanked, led_xom_imps,
          makhleb_altar_promises_db, nicolae_ossuary_entry_monument,
          portal_sewer_entry_b, chequers_serial_rivers_room_a,
          grunt_ministairs_3, bh_walls_and_bars, uniq_menkaure, uniq_ijyb
D:6:      layout_cave_pods, grunt_temple_overflow_magic_moments, uniq_duvessa
D:7:      layout_basic, evilmike_ruin_ashenzari,
          mainiacjoe_overflow_cross_hatched, chequers_serial_rivers_micro_b,
          kennysheep_dice, uniq_joseph
D:8:      layout_loops_ring
D:9:      layout_rooms, okawaru_metal_pillars_1_2,
          nicolae_wu_jian_glorious_leap, erik_lair_orcish_takeover,
          kennysheep_small_square
D:10:     layout_basic, marbit_many_paths, old_standard_altar,
          gammafunk_ghost_necromancy, hangedman_glass_teeth, st_stairs_3,
          minmay_misc_feat_ornament, kennysheep_crisscross
Temple:   corrupted_temple
Lair:1:   layout_misc_corridors, portal_ice_cave_rime, lemuel_old_faithful,
          lemuel_fruit_tree
IceCv:    ice_cave_small_demon

Skill      XL: |  1  2  3  4  5  6  7  8  9 10 11 |
---------------+----------------------------------+-----
Conjurations   | 5 6 8 9 11 13 14 | 14.8
Spellcasting   | 3 4 5 6 |  6.0
Translocations | 1 2 3 5 7 |  7.2
Dodging        | 4 6 |  6.4
Fighting       | 4 6 |  6.0
Stealth        | |  1.7

Action                   |  1- 3 |  4- 6 |  7- 9 | 10-12 || total
-------------------------+-------+-------+-------+-------++-------
Melee: Unarmed           |     4 |       |     1 |       ||     5
       Dagger            |    64 |    83 |    84 |    53 ||   284
       Tailslap          |     3 |    12 |    14 |    10 ||    39
       Punch             |     1 |     1 |     1 |     2 ||     5
 Cast: Magic Dart        |    59 |    66 |   167 |   128 ||   420
       Searing Ray       |       |     3 |    47 |    54 ||   104
       Iskenderun's Myst |       |       |       |     6 ||     6
Invok: Call Merchant     |       |       |       |     1 ||     1
 Abil: Breathe Fire      |       |       |     7 |    30 ||    37
  Use: Scroll            |       |     5 |     3 |    11 ||    19
       Potion            |       |       |     1 |       ||     1
 Stab: Sleeping          |       |     1 |       |     1 ||     2
Armor: Skin              |    32 |    70 |    72 |    62 ||   236
Dodge: Dodged            |    78 |    65 |   103 |   117 ||   363
